 Dungeon Crawl Stone Soup version 0.19-b1-3-g7dea586 (webtiles) character file.

106 qqqbard the Cudgeler (level 4, 0/41 HPs)
             Began as a Hill Orc Monk on Oct 28, 2016.
             Killed from afar by emerson's ghost (5 damage)
             ... with a magic dart
             ... on level 3 of the Dungeon.
             The game lasted 00:03:07 (1942 turns).

qqqbard the Cudgeler (Hill Orc Monk)                Turns: 1942, Time: 00:03:07

Health: 0/41       AC: 10    Str: 18 (19) XL:     4   Next: 84%
Magic:  4/4        EV:  6    Int:  8 (10) God:
Gold:   80         SH:  0    Dex: 10 (13) Spells: 0 memorised, 3 levels left

rFire  . . .     SeeInvis .     a - +0 mace
rCold  . . .     Gourm    .     d - +0 plate armour
rNeg   . . .     Faith    .     (no shield)
rPois  .         Spirit   .     (no helmet)
rElec  .         Reflect  .     (no cloak)
rCorr  .         Harm     .     (no gloves)
MR     .....     Rnd*Rage +     (no boots)
Stlth  ..........               (no amulet)
                                (no ring)
                                (no ring)

@: mighty, very slightly contaminated, hasted, very quick
A: berserk 1, regeneration 1, screaming 1
a: no special abilities


You were on level 3 of the Dungeon.
You were not hungry.

You visited 1 branch of the dungeon, and saw 3 of its levels.

You collected 80 gold pieces.

Inventory:

Hand Weapons
 a - a +0 mace (weapon)
Armour
 d - a +0 plate armour (worn)
Scrolls
 h - a scroll of enchant armour {unknown}
 j - a scroll of amnesia {unknown}
 k - 2 scrolls of identify {unknown}
 n - 2 scrolls of recharging {unknown}
 p - a scroll of teleportation {unknown}
Potions
 g - a potion of haste
 o - a potion of degeneration
 q - a potion of brilliance {unknown}
 s - a potion of agility {unknown}
Comestibles
 b - a chunk of flesh
 c - a bread ration
 f - 2 meat rations
 m - a beef jerky
 r - 2 fruits


   Skills:
 + Level 4.4 Fighting
 * Level 4.8 Maces & Flails
 * Level 2.1 Armour
 - Level 2.4 Dodging
 - Level 1.5 Stealth


You had 3 spell levels left.
You didn't know any spells.

Dungeon Overview and Level Annotations

Branches:
Dungeon (3/15)

Altars:
Ashenzari
Sif Muna

Annotations:
D:3 emerson's ghost, amateur DrCj


Innate Abilities, Weirdness & Mutations

You tend to lose your temper in combat.
Your natural rate of healing is unusually fast.
You occasionally shout uncontrollably at your foes.


Message History

You sock emerson's ghost!
Emerson's ghost is severely damaged.
Emerson's ghost casts a spell at you. The magic dart hits you!
* * * LOW HITPOINT WARNING * * *
Your plate armour prevents you from hitting emerson's ghost.
Emerson's ghost is severely damaged.
Emerson's ghost points at you and mumbles some strange words.
The magic dart hits you!
* * * LOW HITPOINT WARNING * * *
Your plate armour prevents you from hitting emerson's ghost.
Emerson's ghost is severely damaged.
Emerson's ghost points at you and mumbles some strange words.
The magic dart hits you!
It was a potion of mutation.
You feel extremely strange.
You begin to heal more quickly.
You feel a little pissed off.
You feel the urge to shout. Emerson's ghost casts a spell at you.
The magic dart hits you!
You die...

###########
..........#
######.#.###
####...#.>.######
#....#####.....@#
#.##...#...####W#
#.####.#.### #.#
#.# #<..# #.# #.#
##.## #.#
##.#####.# ...
.........# #..##
##..###### #...
#..# #.#.


You could see emerson's ghost.

Vanquished Creatures
  5 adders
  A worm (D:2)
  4 dart slugs
  2 leopard geckos
  4 bats
  5 giant cockroaches
  8 hobgoblins
  6 frilled lizards
  4 goblins (D:1)
  6 kobolds
  4 rats
49 creatures vanquished.

Notes
Turn   | Place    | Note
-------+----------+-------------------------------------------
     0 | D:1      | qqqbard the Hill Orc Monk began the quest for the Orb.
     0 | D:1      | Reached XP level 1. HP: 19/19 MP: 1/1
    51 | D:1      | Reached XP level 2. HP: 13/27 MP: 2/2
   715 | D:1      | Reached XP level 3. HP: 33/33 MP: 3/3
  1260 | D:2      | Reached skill level 1 in Armour
  1282 | D:2      | Reached XP level 4. HP: 14/41 MP: 4/4
  1533 | D:2      | Found a shattered altar of Ashenzari.
  1533 | D:2      | Found a deep blue altar of Sif Muna.
  1652 | D:2      | Found a faded altar of an unknown god.
  1904 | D:3      | Noticed emerson's ghost (amateur DrCj)
  1942 | D:3      | Gained mutation: Your natural rate of healing is unusually fast. [potion of mutation]
  1942 | D:3      | Gained mutation: You tend to lose your temper in combat. [potion of mutation]
  1942 | D:3      | Gained mutation: You occasionally shout uncontrollably at your foes. [potion of mutation]
  1942 | D:3      | Killed from afar by emerson's ghost

Skill      XL: |  1  2  3  4 |
---------------+-------------+-----
Fighting       | 4 |  4.4
Maces & Flails | 4 |  4.8
Armour         | 1 2 |  2.1
Dodging        | |  2.4
Stealth        | |  1.5

Action                   |  1- 3 |  4- 6 || total
-------------------------+-------+-------++-------
Melee: Mace              |   127 |    82 ||   209
  Use: Potion            |       |     5 ||     5
 Stab: Sleeping          |     1 |       ||     1
  Eat: Chunk             |     1 |     3 ||     4
Armor: Robe              |    10 |       ||    10
       Plate armour      |    59 |    61 ||   120
Dodge: Dodged            |    56 |    20 ||    76
